 Dungeon Crawl Stone Soup version 0.28-a0-691-gad6df49e81 (webtiles) character file.

Game seed: 14809038207780393756

2727 ytrimaz the Cleaver (level 9, -14/69 HPs)
             Began as a Formicid Fighter on Oct 20, 2021.
             Was an Initiate of Cheibriados.
             Demolished by an orc warrior (18 damage)
             ... on level 7 of the Dungeon.
             The game lasted 00:07:52 (8504 turns).

ytrimaz the Cleaver (Formicid Fighter)              Turns: 8504, Time: 00:07:52

Health: -14/69     AC: 14    Str: 26    XL:     9   Next: 99%
Magic:  9/9        EV:  7    Int:  8    God:    Cheibriados [......]
Gold:   371        SH:  4    Dex: 11    Spells: 8/8 levels left

rFire   . . .      SeeInvis +   a - +1 war axe
rCold   . . .      Faith    .   c - +0 buckler
rNeg    . . .      Spirit   .   f - +0 plate armour
rPois   .          Reflect  .   (helmet unavailable)
rElec   .          Harm     .   (no cloak)
rCorr   +          Rampage  .   (no gloves)
Will    .....                   g - +2 pair of boots
Stlth   ..........              (no amulet)
HPRegen 0.21/turn               r - ring of resist corrosion
MPRegen 0.11/turn               (no ring)

@: very slow
A: permanent stasis, dig shafts and tunnels, antennae 3, four strong arms
a: Dig, Shaft Self, Renounce Religion, Bend Time


You were on level 7 of the Dungeon.
You worshipped Cheibriados.
Cheibriados was noncommittal.
You visited 2 branches of the dungeon, and saw 8 of its levels.

You collected 371 gold pieces.

Inventory:

Hand Weapons
 a - a +1 war axe (weapon)
Armour
 c - a +0 buckler (worn)
 f - a +0 plate armour (worn)
 g - a +2 pair of boots (worn)
Jewellery
 r - a ring of resist corrosion (left hand)
Wands
 h - a wand of digging (5)
 t - a wand of acid (5)
Scrolls
 i - 2 scrolls of fear
 l - a scroll of identify
 m - a scroll of amnesia
Potions
 b - a potion of mutation
 d - 2 potions of haste
 e - 2 potions of brilliance
 j - a potion of invisibility
 k - 2 potions of flight
 n - a potion of berserk rage
 o - a potion of heal wounds {unknown}
 p - a potion of ambrosia {unknown}
 q - a potion of degeneration {unknown}
 s - a potion of resistance {unknown}


   Skills:
 + Level 6.2 Fighting
 * Level 12.1 Axes
 - Level 3.2 Armour
 - Level 3.6 Shields
 + Level 0.2 Evocations


You had 8 spell levels left.
You didn't know any spells.
Your spell library contained the following spells:

 Spells                   Type           Power      Damage    Failure   Level
 Animate Skeleton         Necr           0%         N/A       99%         1
 Apportation              Tloc           0%         N/A       99%         1
 Summon Small Mammal      Summ           0%         N/A       99%         1
 Ensorcelled Hibernation  Hex/Ice        0%         N/A       100%        2
 Stone Arrow              Conj/Erth      0%         3d7       100%        3
 Tukima's Dance           Hex            0%         N/A       100%        3
 Animate Armour           Summ/Erth      0%         N/A       100%        4
 Hailstorm                Conj/Ice       0%         3d3       100%        4
 Ice Form                 Ice/Tmut       0%         N/A       100%        4
 Alistair's Intoxication  Tmut/Pois      0%         N/A       100%        5
 Invisibility             Hex            0%         N/A       100%        6
 Simulacrum               Ice/Necr       0%         N/A       100%        6
 Lehudib's Crystal Spear  Conj/Erth      0%         10d2      100%        8


Dungeon Overview and Level Annotations

Branches:
Dungeon (7/15)             Temple (1/1) D:6

Altars:
Ashenzari
Cheibriados
Dithmenos
Elyvilon
Fedhas
Gozag
Hepliaklqana
Kikubaaqudgha
Makhleb
Okawaru
Qazlal
Ru
Sif Muna
Trog
Uskayaw
Vehumet
Wu Jian
Xom
Yredelemnul
Zin
The Shining One

Shops:
D:5 **=   D:6 !*

Annotations:
D:3 1 runed translucent door, Crazy Yiuf


Innate Abilities, Weirdness & Mutations

You cannot be hasted, slowed, berserked, paralysed or teleported.
You can dig through walls and to a lower floor.
You have a pair of large antennae on your head. (SInv)
Your four strong arms can wield two-handed weapons with a shield.


Message History

The orc warrior shouts!
You hit the wyvern zombie but do no damage.
The wyvern zombie closely misses you.
You slash the wyvern zombie!
The wyvern zombie is heavily damaged.
The wyvern zombie bites you but does no damage.
Unknown command.
You slash the wyvern zombie!
The wyvern zombie is severely damaged.
The wyvern zombie bites you!
An orc comes into view. It is wielding a +0 mace.
The wyvern zombie bites you but does no damage.
You block the wyvern zombie's attack.
You hit the wyvern zombie.
The wyvern zombie is severely damaged.
The wyvern zombie bites you but does no damage.
You hit the wyvern zombie but do no damage.
The wyvern zombie is severely damaged.
The wyvern zombie bites you!
You slash the wyvern zombie!
You destroy the wyvern zombie!
Cheibriados thoroughly appreciates the change of pace.
Unknown command.
You barely miss the orc warrior.
The orc shouts!
The orc warrior hits you with a +0 halberd.
You barely miss the orc warrior.
The orc warrior hits you with a +0 halberd!
Unknown command.
The orc warrior hits you from afar with a +0 halberd!
* * * LOW HITPOINT WARNING * * *
The orc warrior hits you from afar with a +0 halberd!
* * * LOW HITPOINT WARNING * * *
Okay, then.
An orc wizard comes into view. It is wielding a +0 dagger.
There is an open door here.
The orc warrior hits you from afar with a +0 halberd.
* * * LOW HITPOINT WARNING * * *
The orc warrior hits you from afar with a +0 halberd!!
You die...

#...# #)..# #######...#
..........# #.....# ##........#
....... #....<...# .......
#........# ......! #.......##
.......#####...@...######
.......'...o.o..........#
.......#####..........#.# ..
.......o..oo..........#.# ...
....:..#####...>......#.# ...
.......+..............#'#####...
.......#####....#####...........
####### #....+......[........
#....#####........###


You could see an orc warrior, an orc wizard and 2 orcs.

Vanquished Creatures
  A two-headed ogre (D:7)
  A black bear (D:7)
  3 necrophages
  2 ogres
  2 centaurs
  2 phantoms
  A kobold brigand (D:6)
  Blork the orc (D:5)
  A wyvern zombie (D:7)
  A water moccasin skeleton (D:7)
  2 bullfrog zombies
  2 centaur zombies
  5 hounds (D:6)
  An orc priest (D:5)
  A bullfrog skeleton (D:5)
  3 centaur skeletons (D:6)
  Jessica (D:2)
  Terence (D:2)
  5 iguanas
  A killer bee zombie (D:5)
  3 gnolls (D:4)
  A howler monkey skeleton (D:5)
  3 adders
  A white imp (D:5)
  An ufetubus (D:6)
  An adder skeleton (D:4)
  3 worms
  7 orcs
  7 ball pythons
  9 endoplasms
  3 giant cockroaches
  5 goblins
  5 hobgoblins
  2 quokkas
  8 bats
  3 frilled lizards (D:2)
  7 kobolds
  6 rats
112 creatures vanquished.

Notes
Turn   | Place    | Note
-------+----------+-------------------------------------------
     0 | D:1      | ytrimaz the Formicid Fighter began the quest for the Orb.
     0 | D:1      | Reached XP level 1. HP: 18/18 MP: 1/1
   298 | D:1      | Reached XP level 2. HP: 24/24 MP: 2/2
   780 | D:1      | Reached XP level 3. HP: 30/30 MP: 3/3
   914 | D:2      | Noticed Terence
   930 | D:2      | Killed Terence
   931 | D:2      | Reached skill level 3 in Axes
   931 | D:2      | Reached XP level 4. HP: 28/37 MP: 4/4
  1348 | D:2      | Found a faded altar of an unknown god.
  1530 | D:2      | Noticed Jessica
  1541 | D:2      | Killed Jessica
  1542 | D:2      | Reached skill level 4 in Axes
  1932 | D:3      | Reached XP level 5. HP: 42/42 MP: 5/5
  2655 | D:3      | Found a runed translucent door.
  2656 | D:3      | Noticed Crazy Yiuf
  2999 | D:3      | Found a hazy altar of Hepliaklqana.
  3351 | D:4      | Noticed an ogre
  3359 | D:4      | Killed an ogre
  3360 | D:4      | Reached skill level 5 in Axes
  3360 | D:4      | Reached XP level 6. HP: 36/48 MP: 6/6
  3531 | D:4      | Noticed a necrophage
  3540 | D:4      | Killed a necrophage
  3541 | D:4      | Reached skill level 6 in Axes
  4061 | D:4      | Reached XP level 7. HP: 55/55 MP: 7/7
  4497 | D:5      | Entered Level 5 of the Dungeon
  4497 | D:5      | Found Batoloh's General Store.
  4518 | D:5      | Found Beiqal's Assorted Antiques.
  4560 | D:5      | Reached skill level 7 in Axes
  4940 | D:5      | Reached XP level 8. HP: 60/61 MP: 8/8
  4980 | D:5      | Found Estibunu's Jewellery Emporium.
  5011 | D:5      | Reached skill level 8 in Axes
  5716 | D:5      | Reached skill level 5 in Fighting
  5845 | D:5      | Noticed Blork the orc
  5861 | D:5      | Killed Blork the orc
  5949 | D:5      | Found a basalt altar of Yredelemnul.
  5949 | D:5      | Found a burning altar of Makhleb.
  6118 | D:6      | Reached skill level 9 in Axes
  6267 | D:6      | Found Yqaywog's Distillery.
  6324 | D:6      | Reached skill level 10 in Axes
  6324 | D:6      | Reached XP level 9. HP: 68/69 MP: 9/9
  6474 | D:6      | Found a staircase to the Ecumenical Temple.
  6986 | D:6      | Found Tystri's Assorted Antiques.
  7156 | Temple   | Entered the Ecumenical Temple
  7624 | Temple   | Became a worshipper of Cheibriados the Contemplative
  7938 | D:7      | Reached skill level 11 in Axes
  8245 | D:7      | Noticed a two-headed ogre
  8252 | D:7      | Killed a two-headed ogre
  8400 | D:7      | Reached skill level 12 in Axes
  8501 | D:7      | HP: 3/69 [orc warrior (1)]
  8504 | D:7      | Demolished by an orc warrior

Illustrated notes

Levels and vault maps discovered:
D:1:      dpeg_arrival_another_circle, layout_basic
D:2:      layout_loops_ring, shapermc_ecumenical_altar_pompeii,
          kennysheep_generic_room_12, uniq_jessica, uniq_terence
D:3:      layout_basic, worldfamousw_hep_ancestral_shrine,
          serial_co_window_serial, co_window_cross_1, co_window_paths_b,
          co_window_corner_a, co_window_corner_a, co_window_corner_a,
          co_window_cross_1, co_window_of_opportunity_a, co_window_corner_b,
          co_window_cross_3, co_window_paths_c, co_window_corner_b,
          glass_columns_a, glass_columns_b, glass_columns_a, glass_columns_b,
          glass_columns_a, uniq_crazy_yiuf_cottage
D:4:      layout_basic
D:5:      layout_basic, gammafunk_temple_overflow_elements, serial_shops,
          kennysheep_mini, shop_fountains, shop, uniq_blork_the_orc
D:6:      layout_basic, minmay_temple_entry_poolview, serial_shops,
          kennysheep_little_box, nicolae_shop_stone, minmay_misc_feat_x
D:7:      layout_basic, nemelex_diamond_rough_becter, serial_shops, shop
Temple:   compressed_dpeg_circular_temple

Skill      XL: |  1  2  3  4  5  6  7  8  9 |
---------------+----------------------------+-----
Axes           | 3 4 5 6 7 10 12 | 12.1
Fighting       | 4 5 6 |  6.2
Armour         | |  3.2
Shields        | |  3.6
Evocations     | |  0.2

Action                   |  1- 3 |  4- 6 |  7- 9 || total
-------------------------+-------+-------+-------++-------
Melee: War axe           |    53 |   139 |   184 ||   376
 Abil: Dig               |       |       |     3 ||     3
Evoke: Wand              |       |       |     3 ||     3
  Use: Scroll            |     2 |     1 |    11 ||    14
       Potion            |       |     1 |     3 ||     4
 Stab: Invisible         |       |       |     2 ||     2
Armor: Scale mail        |     3 |       |       ||     3
       Plate armour      |    27 |    58 |   162 ||   247
Dodge: Dodged            |    20 |    37 |    67 ||   124
Block: Buckler           |     8 |    23 |    49 ||    80

Table legend: (Time is in decaauts)
 A = Elapsed time spent in this place.
 B = Non-inter-level travel time spent in this place.
 C = Inter-level travel time spent in this place.
 D = Time resting spent in this place.
 E = Time spent auto-exploring this place.
 F = Levels seen in this place.
 G = Mean time per level.
                   A        B        C        D        E       F      G
               +--------+--------+--------+--------+--------+-----+--------+
         Total |   8655 |   8403 |    252 |   1812 |   5375 |   8 | 1081.9 |
       Dungeon |   8111 |   7867 |    244 |   1584 |   5224 |   7 | 1158.7 |
        Temple |    543 |    536 |      7 |    228 |    151 |   1 |  543.0 |
               +--------+--------+--------+--------+--------+-----+--------+

Top non-repeatable levels by time:
     D:5: 1609 daAuts
     D:3: 1486 daAuts
     D:6: 1304 daAuts
     D:4: 1163 daAuts
     D:2: 1032 daAuts
     D:1: 871 daAuts
     D:7: 642 daAuts
  Temple: 543 daAuts
